[Event "Team 45 45 League T42"]
[Site "Internet Chess Club"]
[Date "2009.08.23"]
[Round "4"]
[White "Conjurer"]
[Black "WzeroMN"]
[Result "0-1"]
[WhiteElo "1254"]
[BlackElo "1218"]
[Opening "QGA: classical, 6...a6"]
[ECO "D27"]
[Time "18:47:20"]
[TimeControl "2700+45"]

1. d4 d5 2. c4 dxc4 3. e3 Nf6 4. Bxc4 e6 5. Nf3 a6 6. O-O c5 7. Nc3 cxd4 8. Nxd4
Bc5 9. a3 O-O 10. Nf3 Qxd1 11. Rxd1 Nc6 12. b4 Be7 13. Bb2 Bd7 14. Rd2 Rad8 15.
Rad1 Bc8 16. Bb3 Rxd2 17. Rxd2 Rd8 18. b5 Rxd2 19. Nxd2 axb5 20. Nxb5 b6 21. f3
Bd7 22. Nc4 Na5 23. Nxa5 Bxb5 24. Nc4 Bxc4 25. Bxc4 Nd5 26. Kf2 Bc5 27. Bc1 f5
28. g3 g6 29. a4 Kf8 30. h4 h5 31. f4 Ke7 32. Kf3 Kd6 33. Bb5 Nc7 34. Bd3 Nd5
35. e4 Nc3 36. Bc2 fxe4+ 37. Bxe4 Nxe4 38. Kxe4 Bb4 39. Be3 Ba5 40. Kd4 Bb4 41.
Bf2 Bc5+ 42. Kc4 Bxf2 43. Kb5 Kc7 {White resigns} 0-1

[Event "Team 45 45 League T42"]
[Site "Internet Chess Club"]
[Date "2009.08.23"]
[Round "4"]
[White "parrot9"]
[Black "Sapienza"]
[Result "1-0"]
[WhiteElo "1788"]
[BlackElo "1611"]
[Opening "Ruy Lopez: Wing attack"]
[ECO "C78"]
[Time "10:01:08"]
[TimeControl "2700+45"]

1. e4 e5 2. Nf3 Nc6 3. Bb5 a6 4. Ba4 Nf6 5. O-O b5 6. Bb3 Be7 7. a4 Bb7 8. d3 d6
9. Re1 Na5 10. Ba2 O-O 11. b4 Nc6 12. c3 Nb8 13. Nbd2 Nbd7 14. Nf1 c5 15. Bd2
cxb4 16. cxb4 Nb6 17. a5 Nbd7 18. Ng3 g6 19. Rc1 Rc8 20. Qe2 Rxc1 21. Rxc1 Qb8
22. h4 Rc8 23. Rxc8+ Qxc8 24. Ng5 d5 25. Bb3 h6 26. Nf3 Kg7 27. exd5 Bxd5 28.
Bxd5 Nxd5 29. h5 Bxb4 30. Bxb4 Nxb4 31. Nxe5 Qe8 32. Nxd7 Qxe2 33. Nxe2 Nxd3 34.
hxg6 fxg6 35. Nd4 Kf7 36. Nb3 Nb4 37. Nb8 g5 38. Nc5 Nc6 {Black resigns} 1-0

[Event "Team 45 45 League T42"]
[Site "Internet Chess Club"]
[Date "2009.08.22"]
[Round "4"]
[White "Andressa"]
[Black "Invicta-Knight"]
[Result "1-0"]
[WhiteElo "1511"]
[BlackElo "1539"]
[Opening "Scandinavian defense"]
[ECO "B01"]
[Time "10:15:15"]
[TimeControl "2700+45"]

1. e4 d5 2. exd5 Nf6 3. Bc4 Nxd5 4. Bxd5 Qxd5 5. Qf3 Qc6 6. Nc3 Nd7 7. Qxc6 bxc6
8. Nf3 e5 9. O-O Be7 10. Re1 f6 11. d4 Bd6 12. dxe5 Nxe5 13. Bf4 Kf7 14. Bxe5
Bxe5 15. Nxe5+ fxe5 16. Rxe5 Re8 17. Rae1 Rxe5 18. Rxe5 Bd7 19. f4 a6 20. Kf2
Re8 21. Rxe8 Kxe8 22. Ne4 Ke7 23. Ke3 Be6 24. Kd4 Bf5 25. Ke5 g6 26. b4 Bxe4 27.
Kxe4 Ke6 28. g4 Kd6 29. f5 g5 30. Kd4 h6 31. h3 {Black resigns} 1-0

[Event "Team 45 45 League T42"]
[Site "Internet Chess Club"]
[Date "2009.08.22"]
[Round "4"]
[White "allanchs"]
[Black "PANAMA-REY"]
[Result "1-0"]
[WhiteElo "1581"]
[BlackElo "1426"]
[Opening "Philidor: exchange variation"]
[ECO "C41"]
[Time "13:08:52"]
[TimeControl "2700+45"]

1. e4 e5 2. Nf3 d6 3. d4 exd4 4. Nxd4 Nd7 5. Nc3 Ngf6 6. Bg5 c6 7. Bc4 Ne5 8.
Be2 Be7 9. O-O h6 10. Bh4 O-O 11. f4 Neg4 12. Qd2 Nh7 13. Bxe7 Qxe7 14. Rae1 Qd8
15. f5 Qb6 16. Bxg4 Nf6 17. Bf3 c5 18. Nde2 Bd7 19. Kh1 Rad8 20. Nf4 Bc6 21. b3
Qb4 22. Nb1 Qb6 23. c4 Rfe8 24. Nd5 Nxd5 25. exd5 Bd7 26. f6 Rxe1 27. Rxe1 Bf5
28. fxg7 Kxg7 29. Be4 Bxe4 30. Rxe4 Rg8 31. Rg4+ Kh7 32. Rxg8 Kxg8 33. Qxh6 Qd8
34. h4 Qe7 35. Qg5+ Qxg5 36. hxg5 Kg7 37. Kh2 Kg6 38. Kg3 Kxg5 39. Nd2 f5 40.
Kf3 b6 41. a3 a5 42. a4 Kf6 43. Kf4 Kg6 44. Nf3 Kf6 45. Nh4 {Black resigns} 1-0

[Event "Team 45 45 League T42"]
[Site "Internet Chess Club"]
[Date "2009.08.23"]
[Round "4"]
[White "betto2506"]
[Black "EyeAm"]
[Result "1-0"]
[WhiteElo "1484"]
[BlackElo "1514"]
[Opening "Petrov: classical attack"]
[ECO "C42"]
[Time "18:00:08"]
[TimeControl "2700+45"]

1. e4 e5 2. Nf3 Nf6 3. Nxe5 d6 4. Nf3 Nxe4 5. d4 d5 6. Bd3 Be7 7. Bf4 O-O 8. O-O
Bg4 9. Nbd2 f5 10. c3 Bd6 11. Bxd6 Qxd6 12. Qc2 Nc6 13. Rae1 Rae8 14. a4 a6 15.
b4 Re6 16. b5 Rh6 17. bxc6 Nxd2 18. Qxd2 Bxf3 19. Re5 Be4 20. cxb7 Qg6 21. f3
Bxf3 22. Rxf3 Qh5 23. Rh3 Qf7 24. Rxh6 gxh6 25. Qxh6 f4 26. Qe6 {Black resigns}
1-0

[Event "Team 45 45 League T42"]
[Site "Internet Chess Club"]
[Date "2009.08.21"]
[Round "4"]
[White "powerchess1"]
[Black "tightfist"]
[Result "1-0"]
[WhiteElo "1763"]
[BlackElo "1576"]
[Opening "Modern defense"]
[ECO "A40"]
[Time "19:02:25"]
[TimeControl "2700+45"]

1. d4 g6 2. Nf3 Bg7 3. Bf4 e6 4. e3 d5 5. Bd3 Nc6 6. c3 Bd7 7. Nbd2 Nf6 8. h3
Nh5 9. Bh2 Rc8 10. e4 dxe4 11. Nxe4 Nf6 12. Nc5 Rb8 13. Nxd7 Qxd7 14. O-O O-O
15. Re1 b5 16. Qe2 b4 17. Bb5 Nd5 18. c4 Nb6 19. Be5 a6 20. Bxg7 axb5 21. Bxf8
Kxf8 22. cxb5 Nxd4 23. Nxd4 Qxd4 24. Qe5 Qxe5 25. Rxe5 Nd5 26. a4 bxa3 27. bxa3
Rxb5 28. a4 Ra5 29. Ra3 Kg7 30. Kf1 Kf6 31. f4 Ke7 32. Kf2 f6 33. Re4 f5 34. Rc4
c5 35. Rb3 Kf6 36. Rb5 Ra7 37. Rbxc5 Rb7 38. a5 Rb2+ 39. Rc2 Rb4 40. R5c4 Rb3
41. Ra4 Nc3 42. Ra1 Ne4+ 43. Kg1 Rb7 44. a6 Ra7 45. Rb2 Nc5 46. Rb6 h6 47. Ra5
Nd7 48. Rb7 Rxb7 49. axb7 Ke7 50. Ra8 g5 51. fxg5 hxg5 52. b8=Q Nxb8 53. Rxb8
Kf6 54. Rg8 e5 55. Kf2 e4 56. Ke3 Ke5 57. Rxg5 Kf6 58. Kf4 e3 59. Rxf5+ Kg6 60.
Re5 Kf6 61. g4 Kg6 62. h4 Kh6 63. h5 Kh7 64. g5 Kh8 65. Kf5 Kg8 66. Kf6 Kf8 67.
g6 {Black resigns} 1-0

[Event "Team 45 45 League T42"]
[Site "Internet Chess Club"]
[Date "2009.08.19"]
[Round "4"]
[White "frankd"]
[Black "BotanicalKnight"]
[Result "0-1"]
[WhiteElo "1491"]
[BlackElo "1555"]
[Opening "Caro-Kann: closed (Breyer) variation"]
[ECO "B10"]
[Time "20:01:40"]
[TimeControl "2700+45"]

1. e4 c6 2. d3 d5 3. Nd2 e5 4. Ngf3 Bd6 5. g3 Nf6 6. Bg2 O-O 7. O-O Bg4 8. h3
Bh5 9. g4 Bg6 10. Re1 Nbd7 11. b3 Re8 12. Bb2 d4 13. Nf1 h5 14. g5 Nh7 15. h4 f6
16. Bc1 fxg5 17. hxg5 Be7 18. Nh4 Bf7 19. g6 Bxh4 20. gxf7+ Kxf7 21. Qxh5+ Kg8
22. Bh3 Ndf8 23. Bf5 Qf6 24. Bxh7+ Nxh7 25. Re2 Rf8 26. Ba3 Bxf2+ 27. Kg2 Rf7
28. Nh2 g6 29. Qh3 Qg5+ 30. Kh1 Qh4 31. Qe6 Ng5 32. Qxg6+ Kh8 33. Rf1 Rg8 34.
Qd6 Nh3 35. Qxe5+ Kh7 36. Bc5 Rfg7 37. Qf5+ Kh8 38. Nf3 Qg3 39. Qf6 Qg2# {White
checkmated} 0-1

[Event "Team 45 45 League T42"]
[Site "Internet Chess Club"]
[Date "2009.08.23"]
[Round "4"]
[White "Aquaman"]
[Black "reverendjim"]
[Result "0-1"]
[WhiteElo "1367"]
[BlackElo "1385"]
[Opening "French defense"]
[ECO "C01"]
[Time "15:00:36"]
[TimeControl "2700+45"]

1. d4 e6 2. e4 c5 3. Bf4 cxd4 4. Qxd4 Nc6 5. Qd1 Qb6 6. b3 Bc5 7. Qd2 Nge7 8.
Bd3 d5 9. exd5 Nxd5 10. Bg3 O-O 11. Nf3 Nd4 12. Nxd4 Bxd4 13. c3 Bf6 14. O-O Bd7
15. Rc1 Rac8 16. Qe1 a5 17. Be5 Qd8 18. Bxf6 Qxf6 19. Be4 b6 20. Bxd5 exd5 21.
a4 Qg5 22. Qd2 Qxd2 23. Nxd2 Rfe8 24. Nf3 f6 25. g3 Rc7 26. Nd4 Rec8 27. Kf1
Rxc3 28. Rxc3 Rxc3 29. Ke2 Rc8 30. Kd2 Kf7 31. Kd3 h5 32. h4 g5 33. hxg5 fxg5
34. f3 Kg6 35. Re1 Re8 36. Rd1 Bf5+ 37. Nxf5 Kxf5 38. Rc1 h4 39. gxh4 gxh4 40.
Rh1 Rh8 41. Kd4 Kf4 42. Kxd5 Kxf3 43. Rf1+ Kg2 44. Rf6 h3 45. Rg6+ Kf3 46. Rf6+
Kg4 47. Ke4 h2 48. Rg6+ Kh3 49. Kf4 Rh4+ 50. Kf3 h1=Q+ {White resigns} 0-1

[Event "Team 45 45 League T42"]
[Site "Internet Chess Club"]
[Date "2009.08.23"]
[Round "4"]
[White "Zebbile"]
[Black "frank001"]
[Result "1-0"]
[WhiteElo "2015"]
[BlackElo "1861"]
[Opening "Queen's pawn game"]
[ECO "D02"]
[Time "23:01:42"]
[TimeControl "2700+45"]

1. Nf3 d5 2. d4 c6 3. Bf4 f5 4. e3 e6 5. Ne5 Nf6 6. Be2 Bd6 7. Nd2 O-O 8. c4
Bxe5 9. dxe5 Ne4 10. O-O g5 11. Nxe4 fxe4 12. Bg3 Nd7 13. Bg4 Nb6 14. c5 Nc4 15.
Qc2 Qc7 16. Qc3 b5 17. b3 Na3 18. f4 h6 19. fxg5 hxg5 20. Rxf8+ Kxf8 21. Rf1+
Kg8 22. h4 Qg7 23. Qa5 Nc2 24. Qd8+ Kh7 25. Qe8 Bb7 26. Qh5+ Kg8 {Black resigns}
1-0

[Event "Team 45 45 League T42"]
[Site "Internet Chess Club"]
[Date "2009.08.24"]
[Round "4"]
[White "jjmolina"]
[Black "pishd"]
[Result "1-0"]
[WhiteElo "1665"]
[BlackElo "1683"]
[Opening "Caro-Kann: classical, Spassky variation"]
[ECO "B19"]
[Time "15:17:56"]
[TimeControl "2700+45"]

1. e4 c6 2. d4 d5 3. Nc3 dxe4 4. Nxe4 Bf5 5. Ng3 Bg6 6. h4 h6 7. Nf3 Nd7 8. h5
Bh7 9. Bd3 Bxd3 10. Qxd3 e6 11. Bf4 Qa5+ 12. Bd2 Bb4 13. Ne4 Ngf6 14. Nd6+ Ke7
15. Nc4 Bxd2+ 16. Nfxd2 Qc7 17. O-O-O Rhd8 18. Qf3 c5 19. Rh4 cxd4 20. Rxd4 Nb6
21. Qa3+ Ke8 22. Nd6+ Rxd6 23. Rxd6 Nfd5 24. Re1 Rc8 25. c3 Qc5 26. Qxc5 Rxc5
27. Ne4 Rc7 28. Rd1 Ke7 29. g4 f5 30. gxf5 exf5 31. R6xd5 Nxd5 32. Rxd5 fxe4 33.
Re5+ Kf6 34. Rxe4 Rc5 35. Rh4 Kg5 36. Rh1 Kf4 37. Kd2 Re5 38. Rh3 Ra5 39. a3 Rb5
40. Kc2 Re5 41. Kd2 Rg5 42. Ke2 Kg4 43. Rh2 Re5+ 44. Kd2 Kf3 45. Kd3 Rd5+ 46.
Kc2 Rg5 47. Kd2 Rg2 48. Rxg2 Kxg2 49. Ke3 Kh3 50. Kf4 Kh4 51. c4 Kxh5 52. c5 Kg6
53. b4 Kf6 54. a4 Ke6 55. Ke4 g5 56. b5 h5 57. a5 h4 58. c6 Kd6 59. cxb7 Kc7 60.
a6 g4 61. Kf4 g3 62. fxg3 hxg3 63. Kxg3 Kb8 64. Kf3 Kc7 65. Ke4 Kb8 66. Kd5 Kc7
67. Kc5 Kb8 68. Kb4 Kc7 69. Ka5 Kb8 70. b6 axb6+ 71. Kb5 Kc7 72. Kc4 Kb8 73. Kd5
Kc7 74. Kc4 Kb8 75. Kd4 Kc7 76. Kd5 Kb8 77. Kd6 b5 78. Kc6 b4 79. Kb6 b3 80. a7#
{Black checkmated} 1-0

[Event "Team 45 45 League T42"]
[Site "Internet Chess Club"]
[Date "2009.08.25"]
[Round "4"]
[White "jefferyx"]
[Black "andrew28"]
[Result "1/2-1/2"]
[WhiteElo "1984"]
[BlackElo "1693"]
[Opening "Sicilian"]
[ECO "B54"]
[Time "17:20:23"]
[TimeControl "2700+45"]

1. e4 c5 2. Nf3 d6 3. d4 cxd4 4. Nxd4 e5 5. Nb3 Be6 6. Be3 Nf6 7. Nc3 Be7 8. Be2
O-O 9. O-O d5 10. exd5 Nxd5 11. Nxd5 Bxd5 12. c4 Bc6 13. Qxd8 Rxd8 14. Rfd1 Na6
15. Na5 Nb4 16. Nxc6 Nxc6 17. Bf3 Nd4 18. Bxd4 exd4 19. Rd3 Rd7 20. Re1 Kf8 21.
b3 Bb4 22. Re5 Re8 23. Rxe8+ Kxe8 24. Bd5 Re7 25. g3 Bc3 26. Kg2 b6 {Game drawn
by mutual agreement} 1/2-1/2

[Event "Team 45 45 League T42"]
[Site "Internet Chess Club"]
[Date "2009.08.22"]
[Round "4"]
[White "mongmong"]
[Black "Quaq"]
[Result "1-0"]
[WhiteElo "1561"]
[BlackElo "1575"]
[Opening "King's Indian: East Indian defense"]
[ECO "A48"]
[Time "06:00:16"]
[TimeControl "2700+45"]

1. d4 Nf6 2. Nf3 g6 3. e3 Bg7 4. c4 d5 5. Be2 O-O 6. O-O Re8 7. b4 c6 8. Bb2
Nbd7 9. a4 b6 10. Nc3 Bb7 11. cxd5 cxd5 12. Rc1 a6 13. Qb3 e6 14. Rc2 Ne4 15.
Nxe4 dxe4 16. Nd2 Bd5 17. Bc4 Nf6 18. Bxd5 Qxd5 19. Qxd5 exd5 20. Rfc1 Kf8 21.
Rc6 b5 22. a5 Ke7 23. Nb3 Nd7 24. Rc7 Red8 25. Nc5 f5 26. Nb7 Rdb8 27. R1c6 Ra7
28. Nc5 Rxc7 29. Rxc7 Rd8 30. Nxa6 Kd6 31. Rc1 Bh6 32. Nc5 f4 33. Nb7+ Ke7 34.
Nxd8 Kxd8 35. Re1 g5 36. Kf1 Kc7 37. Ke2 Kb7 38. Rc1 Bf8 39. Ba3 Bd6 40. f3 fxe3
41. h3 Bf4 42. Rc2 h5 43. Bc1 Bd6 44. Rb2 Nb8 45. Bxe3 Be7 46. fxe4 dxe4 47. Bd2
Na6 48. Ke3 Kc6 49. Kxe4 Kd7 50. Kf5 g4 51. hxg4 hxg4 52. Kxg4 Kd6 53. Kf5 Kd5
54. g4 Kxd4 55. g5 {Black resigns} 1-0

[Event "Team 45 45 League T42"]
[Site "Internet Chess Club"]
[Date "2009.08.23"]
[Round "4"]
[White "cityprosecutor"]
[Black "chess92192"]
[Result "0-1"]
[WhiteElo "1816"]
[BlackElo "1962"]
[Opening "Réti: King's Indian attack, French variation"]
[ECO "C00"]
[Time "20:02:06"]
[TimeControl "2700+45"]

1. e4 e6 2. d3 d5 3. Nd2 Nf6 4. g3 c5 5. Bg2 Nc6 6. Ngf3 Be7 7. O-O O-O 8. Re1
dxe4 9. Nxe4 Nxe4 10. Rxe4 b6 11. Ng5 Bxg5 12. Bxg5 Qxg5 13. Rg4 Qf6 14. Bxc6
Rb8 15. Rh4 Qxb2 16. Rb1 Qf6 17. Qh5 h6 18. Rf4 Qg5 19. Qe2 Bb7 20. Rg4 Qe7 21.
Ba4 Bd5 22. c4 Bb7 23. Qe3 g5 24. Re4 Bxe4 25. Qxe4 Rfd8 26. d4 Rxd4 27. Qe5
Rbd8 28. h4 f6 29. Qe2 Rd2 30. Qh5 Kg7 31. Rc1 Qd6 32. hxg5 hxg5 33. Be8 Qe7 34.
Qg6+ Kf8 35. Ba4 Qf7 36. Qb1 Qh5 37. Qe4 Qe2 38. Qg2 Rxa2 39. Bb5 Rd1+ 40. Rxd1
Qxd1+ 41. Kh2 Qh5+ {White resigns} 0-1

[Event "Team 45 45 League T42"]
[Site "Internet Chess Club"]
[Date "2009.08.27"]
[Round "4"]
[White "hewdondada"]
[Black "chess9793"]
[Result "1/2-1/2"]
[WhiteElo "1767"]
[BlackElo "1895"]
[Opening "Trompowsky attack (Ruth, Opocenský opening)"]
[ECO "A45"]
[Time "21:03:57"]
[TimeControl "2700+45"]

1. d4 Nf6 2. Bg5 c5 3. Bxf6 exf6 4. d5 f5 5. c4 d6 6. e3 g6 7. Nc3 Bg7 8. Qc2 a6
9. Bd3 O-O 10. Nge2 Nd7 11. O-O Ne5 12. Rab1 b5 13. b3 b4 14. Na4 Re8 15. Rfe1
Bd7 16. Nb2 Qg5 17. Ng3 Nxd3 18. Nxd3 a5 19. f4 Qf6 20. e4 fxe4 21. Nxe4 Rxe4
22. Rxe4 Bf5 23. Rbe1 Qc3 24. Qe2 Bxe4 25. Qxe4 a4 26. bxa4 Qd4+ 27. Qxd4 Bxd4+
28. Kf1 Rxa4 29. Re2 Ra3 30. Nc1 Rc3 31. Nb3 Rxc4 32. g3 Bf6 33. Na5 Rc1+ 34.
Re1 Rc2 35. Re2 Rc1+ 36. Re1 Rxe1+ 37. Kxe1 Kf8 38. Ke2 Ke7 39. g4 Bc3 40. Nc4
f6 41. Kf3 Kd7 42. Ke4 Kc7 43. h3 h6 44. f5 g5 45. Kd3 Be5 46. Kc2 Kb7 47. Kb3
Ka6 48. Ka4 Bf4 49. Na5 Bg3 50. Nc4 Bh2 51. Na5 Be5 52. Nc4 Bh2 53. Na5 Bg3 54.
Nc4 Bf4 55. Nb2 Bh2 56. Nc4 Be5 57. Na5 Bg3 58. Nc4 Bf4 59. Na5 Be5 60. Nc4
{Game drawn by repetition} 1/2-1/2

[Event "Team 45 45 League T42"]
[Site "Internet Chess Club"]
[Date "2009.08.20"]
[Round "4"]
[White "chess9397"]
[Black "mugurelt"]
[Result "1/2-1/2"]
[WhiteElo "1886"]
[BlackElo "1756"]
[Opening "Sicilian: closed"]
[ECO "B23"]
[Time "16:03:43"]
[TimeControl "2700+45"]

1. e4 c5 2. Nc3 d6 3. f4 Nc6 4. Nf3 Bg4 5. Bb5 a6 6. Bxc6+ bxc6 7. d3 e6 8. h3
Bxf3 9. Qxf3 Nf6 10. e5 Nd5 11. O-O Qb6 12. f5 O-O-O 13. fxe6 fxe6 14. Kh1 Qc7
15. Qg4 Qd7 16. Bg5 Re8 17. Rae1 h6 18. Bh4 g5 19. Bg3 Nxc3 20. bxc3 d5 21. Qa4
Qc7 22. Qxa6+ Kd7 23. Rb1 Rb8 24. c4 Be7 25. Rxb8 Rxb8 26. Qa4 d4 27. c3 Qb7 28.
cxd4 cxd4 29. Bf2 Qb2 30. Qa7+ Rb7 31. Qxd4+ Qxd4 32. Bxd4 c5 33. Bc3 Ra7 34.
Rf2 Ra3 35. Rc2 Bd8 36. Kg1 h5 37. Kf2 h4 38. d4 Kc6 39. Ke3 Ba5 40. Kd3 cxd4
41. Kxd4 Bxc3+ 42. Rxc3 Rxa2 43. g3 Rd2+ 44. Ke3 Rd1 45. gxh4 gxh4 46. Rd3 Re1+
47. Kd4 Rh1 48. Rc3 Rd1+ 49. Ke4 Re1+ 50. Kd4 Rd1+ 51. Rd3 Rh1 52. c5 Ra1 53.
Rc3 Ra5 54. Rc4 Rb5 55. Ra4 Rb3 56. Ra6+ Kd7 57. Rd6+ Kc7 58. Rxe6 Rxh3 59. Rh6
Rh1 60. Kd5 h3 61. Rh7+ Kd8 62. Kd6 Rd1+ 63. Ke6 Rd3 64. c6 Rc3 65. Kd5 Rd3+ 66.
Kc4 Ra3 67. c7+ Kc8 68. e6 Re3 69. e7 h2 70. Rxh2 Rxe7 71. Kd5 Rxc7 {Game drawn
by mutual agreement} 1/2-1/2

[Event "Team 45 45 League T42"]
[Site "Internet Chess Club"]
[Date "2009.08.19"]
[Round "4"]
[White "RD1974"]
[Black "TIP"]
[Result "1-0"]
[WhiteElo "1650"]
[BlackElo "1675"]
[Opening "French: King's Indian attack"]
[ECO "C00"]
[Time "17:32:38"]
[TimeControl "2700+45"]

1. e4 e6 2. d3 c5 3. g3 g6 4. Bg2 Bg7 5. Nc3 Ne7 6. Be3 d6 7. Qd2 Nbc6 8. Nf3 f5
9. O-O O-O 10. Bg5 Qc7 11. Bh6 Rf7 12. Bxg7 Kxg7 13. h3 e5 14. exf5 Bxf5 15. Ng5
Rf6 16. Nge4 Nd4 17. Kh2 Bxe4 18. Nxe4 Rff8 19. c3 Nf3+ 20. Bxf3 Rxf3 21. Ng5
Rf6 22. f4 Nf5 23. fxe5 dxe5 24. Ne4 Rff8 25. Rae1 Rae8 26. Qf2 Nd4 27. Qg2 Nf5
28. g4 Nd6 29. Qg1 Nxe4 30. Rxf8 Rxf8 31. Rxe4 Qd6 32. Qe3 Re8 33. Kg2 Qd5 34.
Kg3 b6 35. b3 Re7 36. d4 cxd4 37. cxd4 Rc7 38. Rxe5 Qd6 39. Kh4 h6 40. Re6 Qd8+
41. Kg3 Rf7 42. Qe4 Qc7+ 43. Qe5+ Qxe5+ 44. dxe5 Rc7 45. Kf4 g5+ 46. Kf5 Rf7+
47. Ke4 Rf4+ 48. Kd5 Rf3 49. Re7+ Kf8 50. Ke6 Rxh3 51. Rxa7 Rg3 52. Kf6 Rxg4 53.
Ra8# {Black checkmated} 1-0

[Event "Team 45 45 League T42"]
[Site "Internet Chess Club"]
[Date "2009.08.23"]
[Round "4"]
[White "Gregorio"]
[Black "Paulkov"]
[Result "1-0"]
[WhiteElo "2015"]
[BlackElo "1970"]
[Opening "English: Caro-Kann defensive system"]
[ECO "A11"]
[Time "12:08:11"]
[TimeControl "2700+45"]

1. c4 c6 2. Nf3 d5 3. g3 Nf6 4. Bg2 e6 5. O-O Bd6 6. b3 Qe7 7. Bb2 e5 8. d3 O-O
9. Nbd2 Nbd7 10. Rc1 b6 11. Nh4 g6 12. cxd5 cxd5 13. Nc4 Bb8 14. Ba3 Nc5 15.
Nxe5 Bxe5 16. d4 Bd6 17. dxc5 Bxc5 18. Bb2 Ba6 19. b4 Bxb4 20. Qd4 Bxe2 21. Rc7
Bc5 22. Qf4 Nh5 23. Nf5 gxf5 24. Qd2 Qe6 25. Bxd5 Rad8 26. Qg5+ Qg6 27. Bxf7+
Rxf7 28. Qxd8+ Bf8 29. Rfc1 f4 30. Qd4 Qf6 31. Rxf7 Qxd4 32. Rxf8+ Kxf8 33. Bxd4
fxg3 34. fxg3 Ng7 35. Rc8+ Ne8 36. Ra8 a6 37. Bxb6 Kf7 38. Ra7+ Kg6 39. Bd4 Bd3
40. Re7 Bb5 41. a4 Bxa4 42. Re6+ Kf5 43. Rxa6 Bd1 44. Rh6 Bc2 45. Rxh7 Nd6 46.
Rc7 Bd3 47. h3 Ke4 48. Bf2 Nc4 49. Re7+ Kf3 50. Rf7+ Ke2 51. Bd4 Nd2 52. Rf2+
Ke1 53. Bc3 Be2 54. g4 Kd1 55. Bxd2 {Black resigns} 1-0

[Event "Team 45 45 League T42"]
[Site "Internet Chess Club"]
[Date "2009.08.24"]
[Round "4"]
[White "AntonioMendonca"]
[Black "PublisherKing"]
[Result "0-1"]
[WhiteElo "1740"]
[BlackElo "1878"]
[Opening "Caro-Kann defense"]
[ECO "B12"]
[Time "16:47:38"]
[TimeControl "2700+45"]

1. e4 c6 2. d4 d6 3. Nf3 Qc7 4. Bf4 Nd7 5. Bc4 e6 6. Nc3 Be7 7. Qd2 Ngf6 8.
O-O-O b5 9. Bb3 e5 10. dxe5 dxe5 11. Bg5 h6 12. Bxf6 Nxf6 13. Rhe1 a5 14. a4
bxa4 15. Bxa4 O-O 16. Na2 Be6 17. b3 Rfd8 18. Qe3 Rxd1+ 19. Rxd1 Ng4 20. Qe2 Bc5
21. h3 Nxf2 22. Rd2 Qb6 23. Kb2 f6 24. Nh4 Rd8 25. Nf5 Rxd2 26. Qxd2 Nxe4 27.
Nxh6+ Kf8 28. Qe1 Bd4+ 29. c3 Nc5 30. cxd4 Nd3+ {White resigns} 0-1

[Event "Team 45 45 League T42"]
[Site "Internet Chess Club"]
[Date "2009.08.24"]
[Round "4"]
[White "Monsieur"]
[Black "rayngrant"]
[Result "0-1"]
[WhiteElo "1584"]
[BlackElo "1610"]
[Opening "Grünfeld: Three knights variation"]
[ECO "D90"]
[Time "20:04:43"]
[TimeControl "2700+45"]

1. d4 Nf6 2. c4 g6 3. Nc3 d5 4. Nf3 Bg7 5. g3 O-O 6. Bg2 c5 7. dxc5 dxc4 8. O-O
Qa5 9. Be3 Rd8 10. Qa4 Qxa4 11. Nxa4 Nc6 12. Nc3 Bf5 13. Nh4 Be6 14. Rad1 Ng4
15. Rxd8+ Rxd8 16. Rd1 Nxe3 17. Rxd8+ Nxd8 18. fxe3 Nc6 19. Nf3 f5 20. Kf2 h6
21. a3 Bf7 22. Ne1 e5 23. Bxc6 bxc6 24. Nc2 Bf8 25. Nb4 Bxc5 26. Nxc6 e4 27. Nd4
Kg7 28. g4 Kf6 29. gxf5 gxf5 30. Ncb5 a6 31. Nc7 a5 32. Ncb5 Be8 33. Nc7 Bd7 34.
Na6 Bb6 35. b4 c3 36. Nc5 Bc8 37. Ke1 Bxc5 38. bxc5 Ke5 39. Kd1 Kd5 40. c6 Kc4
41. Kc2 a4 42. h4 h5 43. c7 f4 44. Kc1 fxe3 45. Nc6 Kb3 46. Ne7 Bd7 47. c8=Q
Bxc8 48. Nxc8 Kxa3 49. Nd6 Kb3 50. Nxe4 a3 51. Nc5+ Kc4 52. Na4 a2 53. Nb2+ Kb3
{White resigns} 0-1

[Event "Team 45 45 League T42"]
[Site "Internet Chess Club"]
[Date "2009.08.20"]
[Round "4"]
[White "allanchs"]
[Black "badmove"]
[Result "1/2-1/2"]
[WhiteElo "1571"]
[BlackElo "1564"]
[Opening "Giuoco Piano"]
[ECO "C50"]
[Time "16:16:46"]
[TimeControl "2700+45"]

1. e4 e5 2. Nf3 Nc6 3. Bc4 Bc5 4. O-O Nf6 5. d3 d6 6. h3 Be6 7. Nc3 Bxc4 8. dxc4
h6 9. Qe2 Nd4 10. Nxd4 Bxd4 11. Nd5 a6 12. Rb1 c6 13. Nxf6+ Qxf6 14. Be3 Bxe3
15. Qxe3 O-O {Game drawn by mutual agreement} 1/2-1/2

[Event "Team 45 45 League T42"]
[Site "Internet Chess Club"]
[Date "2009.08.24"]
[Round "4"]
[White "FastAndFurious"]
[Black "Ianjo"]
[Result "0-1"]
[WhiteElo "1615"]
[BlackElo "1908"]
[Opening "Pirc defense"]
[ECO "B07"]
[Time "14:09:55"]
[TimeControl "2700+45"]

1. e4 d6 2. d4 Nf6 3. Nc3 g6 4. e5 dxe5 5. dxe5 Qxd1+ 6. Nxd1 Ng4 7. f4 Nc6 8.
Nf3 Bf5 9. c3 O-O-O 10. Ne3 Nxe3 11. Bxe3 f6 12. exf6 exf6 13. Bb5 Be4 14. O-O
a6 15. Bxc6 Bxc6 16. Bd4 Bg7 17. a3 Rhe8 18. Rae1 Rxe1 19. Nxe1 b6 20. Nf3 Bxf3
21. Rxf3 c5 22. Be3 f5 23. Rf2 Kc7 24. Rd2 Rxd2 25. Bxd2 Kc6 26. Kf2 Kd5 27. Ke3
Kc4 28. Bc1 Kb3 29. Kd2 b5 30. g3 a5 31. Kd1 b4 32. axb4 axb4 33. cxb4 cxb4
{White resigns} 0-1

[Event "Team 45 45 League T42"]
[Site "Internet Chess Club"]
[Date "2009.08.24"]
[Round "4"]
[White "PrincessChess"]
[Black "starfire5000"]
[Result "1-0"]
[WhiteElo "1732"]
[BlackElo "1692"]
[Opening "French: exchange variation"]
[ECO "C01"]
[Time "17:17:02"]
[TimeControl "2700+45"]

1. e4 e6 2. d4 d5 3. exd5 exd5 4. Bd3 Nc6 5. Nf3 Bd6 6. O-O Nge7 7. Bg5 Bg4 8.
c3 Qd7 9. Nbd2 h6 10. Be3 g5 11. Re1 Bxf3 12. Qxf3 g4 13. Qf6 O-O-O 14. Qxf7
Rdf8 15. Qh5 Bf4 16. Bxf4 Rxf4 17. Re2 Nd8 18. Qe5 Rhf8 19. Qxe7 Qxe7 20. Rxe7
Rxf2 21. Re2 Rf1+ 22. Rxf1 {Black resigns} 1-0

[Event "Team 45 45 League T42"]
[Site "Internet Chess Club"]
[Date "2009.08.23"]
[Round "4"]
[White "Warpdrive"]
[Black "LuxAeterna"]
[Result "1-0"]
[WhiteElo "1691"]
[BlackElo "1796"]
[Opening "Caro-Kann: advance variation"]
[ECO "B12"]
[Time "18:58:34"]
[TimeControl "2700+45"]

1. e4 c6 2. d4 d5 3. e5 Bf5 4. Bd3 Bxd3 5. Qxd3 e6 6. Ne2 Nd7 7. Nd2 c5 8. c3
Ne7 9. a3 Nc6 10. Nf3 Be7 11. O-O O-O 12. b4 cxd4 13. cxd4 a6 14. Be3 f6 15. Nf4
fxe5 16. Nxe6 e4 17. Nxd8 exd3 18. Nxb7 Rxf3 19. gxf3 Bf6 20. Rad1 Bxd4 21. Na5
Nde5 22. Nxc6 Nxf3+ 23. Kh1 Bf6 24. Rxd3 Rc8 25. Nd4 Ne5 26. Rdd1 Rc3 27. b5
axb5 28. Nxb5 Rb3 29. Rb1 Rxb1 30. Rxb1 Nc4 31. Rd1 Nxe3 32. fxe3 Kf7 33. Rxd5
Ke6 34. e4 {Black resigns} 1-0

[Event "Team 45 45 League T42"]
[Site "Internet Chess Club"]
[Date "2009.08.22"]
[Round "4"]
[White "raimundo"]
[Black "blizzard13"]
[Result "1-0"]
[WhiteElo "1802"]
[BlackElo "1340"]
[Opening "QGD Slav: 3.Nf3"]
[ECO "D11"]
[Time "13:00:13"]
[TimeControl "2700+45"]

1. d4 d5 2. c4 c6 3. Nf3 Nf6 4. g3 Bf5 5. Nc3 e6 6. Bg2 Bd6 7. O-O dxc4 8. Nh4
Bg6 9. Qa4 b5 10. Nxb5 cxb5 11. Qxb5+ Qd7 12. Qxd7+ Kxd7 13. Bxa8 Nc6 14. Bxc6+
Kxc6 15. Nxg6 hxg6 16. Kg2 Nd7 17. f4 f5 18. b3 c3 19. Be3 Kd5 20. Rfc1 Rc8 21.
Bf2 Nf6 22. a3 Ne4 23. e3 Rb8 24. b4 a6 25. Rc2 Rc8 26. Be1 Kc4 27. Kf3 Kb3 28.
Rac1 Rc7 29. Ke2 Kxa3 30. Bxc3 Nxc3+ 31. Rxc3+ Rxc3 32. Rxc3+ Kxb4 33. Rc6 a5
34. Rxd6 a4 35. Rxe6 a3 36. Ra6 Kb3 37. d5 a2 38. d6 Kb2 39. Rxa2+ Kxa2 40. d7
{Black resigns} 1-0